 Dungeon Crawl Stone Soup version 0.30-a0-883-g5ad918d77d (webtiles) character file.

Game seed: 2738115891013351972

544 Pimp the Shield-Bearer (level 7, -1/56 HPs)
             Began as a Formicid Fighter on Mar 15, 2023.
             Was an Initiate of Gozag.
             Slain by an ogre
             ... wielding a +0 giant spiked club
              (5 damage)
             ... on level 4 of the Dungeon.
             The game lasted 00:05:35 (3645 turns).

Pimp the Shield-Bearer (Formicid Fighter)           Turns: 3645, Time: 00:05:36

Health: -1/56      AC:  8    Str: 20 (23) XL:     7   Next: 52%
Magic:  7/7        EV:  9    Int:  4 (7)  God:    Gozag
Gold:   519        SH:  5    Dex: 12 (13) Spells: 6/6 levels left

rFire   . . .      SeeInvis +    a - +0 war axe
rCold   . . .      Faith    .    c - +0 buckler
rNeg    . . .      Spirit   .    b - +0 scale mail
rPois   .          Reflect  .    (helmet unavailable)
rElec   .          Rampage  .    (no cloak)
rCorr   .                        (no gloves)
Will    .....                    f - +0 pair of boots Stlth
                                 (no amulet)
HPRegen 0.29/turn                (no ring)
MPRegen 0.10/turn                (no ring)

@: brilliant, flying, invisible
A: permanent stasis, dig shafts and tunnels, antennae 3, four strong arms
a: Dig, Shaft Self, Renounce Religion, Potion Petition, Call Merchant, Bribe
Branch


You were on level 4 of the Dungeon.
You worshipped Gozag.
Gozag was pleased with you.
You visited 1 branch of the dungeon, and saw 4 of its levels.
You also visited: Sewer.

You collected 570 gold pieces.
You paid 51 gold pieces to Gozag.

Inventory:

Hand Weapons
 a - a +0 war axe (weapon)
Armour
 b - a +0 scale mail (worn)
 c - a +0 buckler (worn)
 f - a +0 pair of boots (worn)
Jewellery
 d - a ring of fire
 q - a ring of wizardry
Scrolls
 e - 3 scrolls of teleportation
 h - 2 scrolls of noise
 k - a scroll of vulnerability
 n - 2 scrolls of fog {unknown}
 p - a scroll of blinking {unknown}
 s - a scroll of torment {unknown}
 t - a scroll of magic mapping {unknown}
 u - 2 scrolls of enchant armour {unknown}
 v - a scroll of identify {unknown}
Potions
 l - a potion of attraction


   Skills:
 + Level 5.2 Fighting
 + Level 4.2 Axes
 + Level 5.2 Armour
 + Level 6.3 Shields


You had 6 spell levels left.
You didn't know any spells.
Your spell library contained the following spells:

 Spells                   Type           Power      Damage    Failure   Level
 Portal Projectile        Hex/Tloc       0%         N/A       99%         3
 Tukima's Dance           Hex            0%         N/A       99%         3
 Blade Hands              Tmut           0%         N/A       100%        5


Dungeon Overview and Level Annotations

Branches:
Dungeon (4/15)              Sewer (visited)
 Temple: D:4-7

Altars:
Dithmenos
Fedhas
Gozag
Hepliaklqana
Kikubaaqudgha


Innate Abilities, Weirdness & Mutations

You cannot be hasted, slowed, berserked, paralysed or teleported.
You can dig through walls and to a lower floor.
You have a pair of large antennae on your head. (SInv)
Your four strong arms can wield two-handed weapons with a shield.


Message History

The ogre hits you with a +0 giant spiked club!
You hit the ogre.
The ogre is lightly wounded.
The ogre hits you with a +0 giant spiked club!
You hit the ogre but do no damage.
The ogre is lightly wounded.
The ogre completely misses you.
You slash the ogre!
The ogre is severely wounded.
The ogre hits you with a +0 giant spiked club!!
* * * LOW HITPOINT WARNING * * *
It was a potion of attraction.
You feel attractive to monsters. The ogre barely misses you.
It was a potion of cancellation.
Your magical effects are unravelling.
You feel magically purged.
You feel less attractive to monsters.
It was a potion of brilliance.
You feel clever all of a sudden. The ogre barely misses you.
It was a potion of flight.
You feel very buoyant.
You fly up into the air.
The ogre barely misses you.
It was a potion of invisibility.
You fade into invisibility!
It was a potion of degeneration.
There was something very wrong with that liquid.
You feel weakened.
You feel dopey.
You feel clumsy. The ogre closely misses you.
You completely miss the ogre.
The ogre is severely wounded.
You block the ogre's attack.
You hit the ogre.
The ogre is severely wounded.
The ogre closely misses you.
You hit the ogre.
The ogre is severely wounded.
The ogre hits you with a +0 giant spiked club.
You die...
Your body crumbles into a pile of gold.

......# ##........
.###### #<####### .# #.#
.# ##'## .# ##...## .##
##.....## #.##
#.......## .#.
...####.........###...$.
......+.........@O.....>
...####......)..###.....
#.## ##.......## .#.
#.### ##.....## ..P.###
##...## ......# ##+#
....#.# ....#


.PPP# You could see an ogre (unable to see you).

Vanquished Creatures
  An orc warrior (D:4)
  A scorpion (D:4)
  2 bullfrogs (Sewer)
  A hound (D:4)
  An orc wizard (D:4)
  A sleepcap (D:3)
  7 adders
  4 worms
  4 dart slugs
  2 orcs (D:4)
  11 endoplasms
  12 giant cockroaches
  4 goblins
  8 hobgoblins
  8 jackals (D:1)
  6 kobolds
  5 quokkas
  6 ball pythons
  6 bats
  5 frilled lizards
  3 rats
98 creatures vanquished.

Vanquished Creatures (others)
  4 fungi (D:4)
  5 toadstools (D:4)
9 creatures vanquished.

Grand Total: 107 creatures vanquished

Notes
Turn   | Place    | Note
-------+----------+-------------------------------------------
     0 | D:1      | Pimp the Formicid Fighter began the quest for the Orb.
     0 | D:1      | Reached XP level 1. HP: 18/18 MP: 1/1
    78 | D:1      | Reached XP level 2. HP: 22/24 MP: 2/2
   274 | D:1      | Reached XP level 3. HP: 29/29 MP: 3/3
   670 | D:2      | Reached XP level 4. HP: 27/37 MP: 4/4
   878 | D:2      | Found a faded altar of an unknown god.
  1613 | D:3      | Reached XP level 5. HP: 42/42 MP: 5/5
  1676 | D:3      | Reached skill level 5 in Shields
  1754 | D:3      | Found a blossoming altar of Fedhas.
  1838 | D:3      | Found an opulent altar of Gozag.
  1890 | D:3      | Became a worshipper of Gozag Ym Sagoz the Greedy
  2141 | D:3      | Found a glowing drain.
  2169 | Sewer    | Entered a sewer
  2367 | Sewer    | Reached XP level 6. HP: 47/49 MP: 6/6
  2922 | D:4      | Found an ancient bone altar of Kikubaaqudgha.
  2946 | D:4      | Noticed an orc warrior
  2970 | D:4      | HP: 2/50 [orc warrior/+0 mace (8)]
  2972 | D:4      | Killed an orc warrior
  2973 | D:4      | Reached skill level 5 in Fighting
  2973 | D:4      | Reached skill level 5 in Armour
  2973 | D:4      | Reached skill level 6 in Shields
  2973 | D:4      | Reached XP level 7. HP: 3/56 MP: 7/7
  3326 | D:4      | Found a hazy altar of Hepliaklqana.
  3330 | D:4      | Found a shadowy altar of Dithmenos.
  3330 | D:4      | Noticed a shadow
  3636 | D:4      | HP: 1/56 [ogre/+0 giant spiked club (26)]
  3645 | D:4      | Slain by an ogre

Illustrated notes

Levels and vault maps discovered:
D:1:      dpeg_arrival_shrine, layout_loops_ring, serial_park_tiny_2
D:2:      layout_basic, shapermc_ecumenical_altar_notcrosses, st_stairs_8,
          grunt_ministairs_15, minmay_pentomino_p2
D:3:      layout_loops_cross, grunt_gozag_breadcrumbs,
          nicolae_overflow_crystal_walls, cheibrodos_sewer_entry_bend,
          minmay_misc_feat_roman
D:4:      cheibrodos_helix_gallery, layout_loops_corners,
          riverfiend_overflow_shadow_ancestor,
          nicolae_kikubaaqudgha_miasma_corner, gammafunk_ghost_mausoleum,
          minmay_gold_behind_fungi, minivault_25

Skill      XL: |  1  2  3  4  5  6 |
---------------+-------------------+-----
Fighting       | 4 5 |  5.2
Armour         | 4 5 |  5.2
Shields        | 5 6 |  6.3
Axes           | 3 4 |  4.2

Action                     |  1- 3 |  4- 6 |  7- 9 || total
---------------------------+-------+-------+-------++-------
  Melee: War axe           |    90 |   195 |    33 ||   318
    Use: Scroll            |       |     3 |       ||     3
         Potion            |       |     2 |     7 ||     9
   Stab: Distracted        |       |     2 |       ||     2
 Armour: Scale mail        |    52 |    85 |    14 ||   151
  Dodge: Dodged            |    49 |   107 |    16 ||   172
  Block: Buckler           |    23 |    52 |     5 ||    80

Table legend: (Time is in decaauts)
 A = Elapsed time spent in this place.
 B = Non-inter-level travel time spent in this place.
 C = Inter-level travel time spent in this place.
 D = Time resting spent in this place.
 E = Time spent auto-exploring this place.
 F = Levels seen in this place.
 G = Mean time per level.
                   A        B        C        D        E       F      G
               +--------+--------+--------+--------+--------+-----+--------+
         Total |   3882 |   3790 |     92 |    185 |   2592 |   5 |  776.4 |
       Dungeon |   3036 |   2944 |     92 |    185 |   2016 |   4 |  759.0 |
         Sewer |    845 |    845 |      0 |      0 |    575 |   1 |  845.0 |
               +--------+--------+--------+--------+--------+-----+--------+

Top non-repeatable levels by time:
     D:2: 855 daAuts
   Sewer: 845 daAuts
     D:3: 746 daAuts
     D:4: 740 daAuts
     D:1: 694 daAuts
